 Dungeon Crawl Stone Soup version 0.18.1-48-g4cf74bf (webtiles) character file.

305 atgrul the Digger (level 6, -6/32 HPs)
             Began as a Gargoyle Earth Elementalist on July 24, 2016.
             Mangled by an iguana (8 damage)
             ... on level 5 of the Dungeon.
             The game lasted 00:22:31 (5079 turns).

atgrul the Digger (Gargoyle Earth Elementalist)     Turns: 5079, Time: 00:22:31

Health: -6/32      AC:  7    Str: 16    XL:     6   Next: 39%
Magic:  0/10       EV: 12    Int: 18    God:
Gold:   235        SH:  0    Dex: 10    Spells: 3 memorised, 2 levels left

rFire  . . .     SeeInvis .     n - +0 dagger (curse)
rCold  . . .     Gourm    .     a - +0 robe
rNeg   + . .     Faith    .     (no shield)
rPois  ∞         Spirit   .     (no helmet)
rElec  +         Dismiss  .     (no cloak)
rCorr  .         Reflect  .     (no gloves)
SustAt .         Harm     .     j - +0 pair of boots
MR     .....                    (no amulet)
Stlth  ++........               (no ring)
                                (no ring)

@: mighty, not resistant to hostile enchantments, unstealthy
A: negative energy resistance 1, electricity resistance, unbreathing,
petrification resistance, rot immunity, AC +4
a: no special abilities


You were on level 5 of the Dungeon.
You were not hungry.

You visited 1 branch of the dungeon, and saw 5 of its levels.

You collected 235 gold pieces.

Inventory:

Hand Weapons
 f - a +0 dagger
 n - a cursed +0 dagger (weapon)
Missiles
 b - 162 stones (quivered)
Armour
 a - a +0 robe (worn)
 j - a +0 pair of boots (worn)
Scrolls
 g - a scroll of random uselessness
 m - a scroll of fear
 o - a scroll of enchant weapon
 p - a scroll of amnesia {unknown}
 q - 2 scrolls of fog
 s - a scroll of magic mapping
 t - a scroll of noise {unknown}
 u - a scroll of remove curse {unknown}
Potions
 d - a potion of ambrosia
 e - a potion of degeneration {unknown}
 h - 5 potions of might
 k - a potion of haste
 r - a potion of beneficial mutation {unknown}
 v - a potion of resistance {unknown}
 w - a potion of lignification {unknown}
 x - a potion of mutation {unknown}
Books
 c - a book of Geomancy

   Spells                             Type                      Level
   a - Sandblast                      Earth                        1
   b - Passwall                       Transmutation/Earth          2
   c - Stone Arrow                    Conjuration/Earth            3
   d - Petrify                        Transmutation/Earth          4
   e - Lee's Rapid Deconstruction     Earth                        5
 l - a book of Necromancy

   Spells                             Type                      Level
   a - Pain                           Necromancy                   1
   b - Animate Skeleton               Necromancy                   1
   c - Vampiric Draining              Necromancy                   3
   d - Regeneration                   Charms/Necromancy            3
   e - Animate Dead                   Necromancy                   4
   f - Control Undead                 Necromancy                   4
Comestibles
 i - 2 inedible chunks of flesh


   Skills:
 - Level 0.1 Short Blades
 - Level 1.5 Dodging
 - Level 2.1 Stealth
 + Level 3.0 Spellcasting
 * Level 1.5 Conjurations
   Level 0.7 Transmutations
 - Level 7.4 Earth Magic


You had 2 spell levels left.
You knew the following spells:

 Your Spells              Type           Power        Failure   Level  Hunger
a - Sandblast             Erth           ####..       1%          1    None
b - Stone Arrow           Conj/Erth      ###...       10%         3    ###....
c - Lee's Rapid Deconstr  Erth           ####......   24%         5    ######.


Dungeon Overview and Level Annotations

Branches:
Dungeon (5/15)
 Temple: D:4-7

Altars:
Makhleb
Trog
Yredelemnul

Annotations:
D:4 Grinder


Innate Abilities, Weirdness & Mutations

You are resistant to torment.
Your stone body is resilient (AC +4).
You are immune to poison.
You resist negative energy.
You are resistant to electric shocks.
You can survive without breathing.
You are immune to petrification.
You are immune to rotting.


Message History

Confirm with . or Enter, or press ? or * to list all spells.
You don't have enough magic to cast that spell.
Unknown command.
Casting: Sandblast
Confirm with . or Enter, or press ? or * to list all spells.
You don't have enough magic to cast that spell.
Unknown command.
Press: ? - help, v - describe, . - travel
Here: an iguana (heavily wounded)
The floor.
You feel very mighty all of a sudden. The iguana barely misses you.
You hit the iguana.
The iguana is heavily wounded.
The iguana bites you.
* * * LOW HITPOINT WARNING * * *
You hit the iguana but do no damage.
The iguana is heavily wounded.
The iguana bites you!
You die...

#.##.###.###.####.####...,,
#....###.###.# ##.## **,*,*
####.........# #...# ***,*
#####.##### #.#.# *,* #..#
#...# *,* ##.## ##.## *,* #..##
#.# *,* ###
##...#####.#######.# ##.##
#..@l..............#
##.#.########...#####.........#
#.###..........### ###........
##.#.########....# *#.......#
##.#### ####.# *.....>...
#.##.## #.# ##.......#
#.#.#.########.# ##......#
#..###.........# ##...#..
###.#.########## *#.####


You could see an iguana.

Vanquished Creatures
  A scorpion (D:5)
  An orc priest (D:3)
  Terence (D:2)
  A worker ant (D:4)
  A worker ant zombie (D:5)
  5 adders
  A shadow imp (D:5)
  A worm (D:3)
  2 adder skeletons
  3 dart slugs
  3 giant geckos
  11 orcs
  9 bats
  4 giant cockroaches
  14 goblins
  8 hobgoblins
  3 jackals (D:2)
  7 kobolds
  A ball python (D:3)
  5 giant newts
  10 rats
92 creatures vanquished.

Vanquished Creatures (others)
  An iguana (D:5)
  An orc (D:5)
2 creatures vanquished.

Grand Total: 94 creatures vanquished

Notes
Turn   | Place    | Note
--------------------------------------------------------------
     0 | D:1      | atgrul the Gargoyle Earth Elementalist began the quest for the Orb.
     0 | D:1      | Reached XP level 1. HP: 10/10 MP: 3/3
    59 | D:1      | Reached skill level 4 in Earth Magic
   192 | D:1      | Reached XP level 2. HP: 10/15 MP: 3/5
   525 | D:1      | Reached XP level 3. HP: 19/19 MP: 4/6
   623 | D:1      | Reached skill level 5 in Earth Magic
   832 | D:1      | Learned a level 3 spell: Stone Arrow
  1373 | D:2      | Reached XP level 4. HP: 24/24 MP: 3/7
  1587 | D:2      | Reached skill level 6 in Earth Magic
  2349 | D:3      | Noticed Terence
  2477 | D:2      | Killed Terence
  2477 | D:2      | Reached XP level 5. HP: 9/28 MP: 0/8
  3033 | D:3      | Reached skill level 7 in Earth Magic
  3734 | D:4      | Found a bloodstained altar of Trog.
  3830 | D:4      | Reached XP level 6. HP: 30/32 MP: 3/9
  3855 | D:4      | Found a burning altar of Makhleb.
  3873 | D:4      | Noticed Grinder
  3943 | D:4      | Learned a level 5 spell: Lee's Rapid Deconstruction
  4351 | D:4      | Found a basalt altar of Yredelemnul.
  4503 | D:4      | Paralysed by Grinder for 5 turns
  4529 | D:4      | Paralysed by Grinder for 5 turns
  4575 | D:5      | Entered Level 5 of the Dungeon
  4586 | D:5      | Reached skill level 1 in Conjurations
  5079 | D:5      | Mangled by an iguana

Skill      XL: |  1  2  3  4  5  6 |
---------------+-------------------+-----
Earth Magic    | 4 5 6 7 |  7.4
Conjurations   | 1 |  1.5
Spellcasting   | 3 |  3.0
Short Blades   | |  0.1
Dodging        | |  1.5
Stealth        | |  2.1
Transmutations | |  0.7

Action                   |  1- 3 |  4- 6 || total
-------------------------+-------+-------++-------
Melee: Dagger            |    32 |   140 ||   172
 Cast: Sandblast         |    69 |   152 ||   221
  Use: Scroll            |     4 |     7 ||    11
       Potion            |       |     4 ||     4
  Eat: Chunk             |     2 |     1 ||     3
       Bread ration      |       |     2 ||     2
       Meat ration       |       |     1 ||     1
       Beef jerky        |       |     1 ||     1
Armor: Robe              |    37 |    65 ||   102
Dodge: Dodged            |    61 |   114 ||   175
